 Dungeon Crawl Stone Soup version 0.31.0-9-g3a7656b989 (webtiles) character file.

Game seed: 11074091179375989258

1480 qw the Nimble (level 8, -3/40 HPs)
             Began as a Spriggan Hunter on Feb 2, 2024.
             Was a Believer of Okawaru.
             Succumbed to a killer bee's poison
             ... on level 6 of the Dungeon.
             The game lasted 00:00:19 (4654 turns).

qw the Nimble (Spriggan Hunter)                     Turns: 4654, Time: 00:00:20

Health: -3/40      AC:  2    Str:  7    XL:     8   Next: 50%
Magic:  12/12      EV: 23    Int: 11    God:    Okawaru [**....]
Gold:   359        SH:  0    Dex: 20    Spells: 7/7 levels left

rFire   + . .        a - +1 shortbow
rCold   . . .        (shield currently unavailable)
rNeg    . . .        c - +0 robe
rPois   .            (helmet restricted)
rElec   .            (no cloak)
rCorr   .            (gloves unavailable)
SInv    +            (boots unavailable)
Will    +....        (no amulet)
Stlth   ++           d - ring of protection from fire
HPRegen 0.26/turn    (no ring)
MPRegen 0.13/turn

%: no passive effects
@: lethally poisoned (-3 -> -21), very quick
A: very small, no large weapons, unfitting armour, see invisible, speed 3
a: Renounce Religion, Heroism


You were on level 6 of the Dungeon.
You worshipped Okawaru.
Okawaru was pleased with you.
You visited 1 branch of the dungeon, and saw 6 of its levels.

You collected 359 gold pieces.


Innate Abilities, Weirdness & Mutations

You are very small and have problems with some larger weapons.
You are too small for most types of armour.
You have supernaturally acute eyesight. (SInv)
You cover ground extremely quickly. (Speed+++)


   Skills:
 - Level 3.1 Fighting
 + Level 8.0 Ranged Weapons
 - Level 8.1 Dodging
 - Level 1.5 Stealth
 - Level 4.0 Invocations


You had 7 spell levels left.
You didn't know any spells.
Your spell library was empty.

Inventory:

Hand Weapons
 a - a +1 shortbow (weapon)
Armour
 c - a +0 robe (worn)
Jewellery
 d - a ring of protection from fire (left hand)
Wands
 f - a wand of mindburst (10)
Potions
 b - a potion of enlightenment {unknown}
 e - a potion of resistance {unknown}
 g - a potion of curing
 i - a potion of attraction {unknown}

Dungeon Overview and Level Annotations

Branches:
Dungeon (6/15)
 Temple: D:4-7

Altars:
Gozag
Nemelex Xobeh
Okawaru
Sif Muna
Vehumet
Xom


Message History

You kill the killer bee!
Okawaru accepts your kill. The killer bee completely misses you.
You shoot an arrow. The arrow misses the killer bee. x2
The killer bee completely misses you. The killer bee closely misses you.
You shoot an arrow.
The arrow hits the killer bee but does no damage.
The killer bee stings you! The killer bee stings you.
You shoot an arrow.
The arrow hits the killer bee but does no damage.
The killer bee completely misses you. The killer bee stings you!
You are poisoned.
The killer bee poisons you!
You shoot an arrow.
The arrow closely misses the killer bee.
The arrow misses the killer bee.
You feel very sick.
The killer bee completely misses you. x2
You shoot an arrow.
The arrow completely misses the killer bee.
The arrow misses the killer bee.
You feel sick. The killer bee completely misses you. The killer bee stings you.
You are more poisoned.
The killer bee poisons you!
You shoot an arrow. The arrow misses the killer bee.
The arrow hits the killer bee.
You kill the killer bee!
Okawaru accepts your kill.
You feel very sick. The killer bee closely misses you.
The killer bee completely misses you.
Your Dodging skill increases to level 8!
You shoot an arrow. The arrow hits the killer bee!
The killer bee is heavily wounded.
You feel very sick. The killer bee closely misses you.
The killer bee stings you!
You are more poisoned.
The killer bee poisons you!
You shoot an arrow.
The arrow closely misses the killer bee.
You die...

#............[<.####
#.###........##..)..
#.# #.######.##.####
#.# #.# #.##.####
#.# #.# #.##.....
#?# #.# #.##..###
#.# #.# #.#...#
##.###.# #.....#
#.%y@..# ###...#
#..##### ##.)###
#..# #..... #..#
#.###. #..# #.# #.
#... #.# #. ..##.
... ## #### #. ...
.. ....


You could see a killer bee.

Vanquished Creatures
  A black bear (D:4)
  A phantom (D:5)
  A kobold brigand (D:5)
  A gnoll sergeant (D:5)
  4 scorpions
  2 killer bees (D:6)
  5 hounds (D:5)
  A bombardier beetle (D:4)
  5 orc priests
  An iguana (D:4)
  Natasha (D:2)
  5 orc wizards
  Ijyb (D:4)
  Terence (D:2)
  2 sleepcaps
  12 gnolls
  3 adders
  A shadow imp (D:5)
  4 dart slugs
  A ribbon worm (D:3)
  19 orcs
  7 endoplasms
  6 giant cockroaches
  5 goblins
  7 hobgoblins
  2 jackals (D:3)
  5 quokkas
  5 ball pythons
  2 frilled lizards
  8 kobolds
  4 rats (D:1)
123 creatures vanquished.

Notes
Turn   | Place    | Note
-------+----------+-------------------------------------------
     0 | D:1      | qw the Spriggan Hunter began the quest for the Orb.
     0 | D:1      | Reached XP level 1. HP: 10/10 MP: 2/2
     0 | D:1      | 0 ||| qw: Version: 0.3-a-155-g5e7d8dd
     0 | D:1      | 0 ||| qw: Game counter: 1712
     0 | D:1      | 0 ||| qw: Melee chars always use a shield: true
     0 | D:1      | 0 ||| qw: God list: Okawaru
     0 | D:1      | 0 ||| qw: Allow faded altars: false
     0 | D:1      | 0 ||| qw: Do Orc after clearing Dungeon:15 true
     0 | D:1      | 0 ||| qw: Do second Lair branch before Depths: true
     0 | D:1      | 0 ||| qw: Lair rune preference: random
     0 | D:1      | 0 ||| qw: Goals: Normal
     0 | D:1      | 0 ||| PLANNING D:1-11
    22 | D:1      | You fall into a shaft and drop 1 floor!
    45 | D:2      | Noticed Terence
    51 | D:2      | 51 ||| RETREEEEATING.
    52 | D:2      | 52 ||| RETREEEEATING.
    53 | D:2      | 53 ||| RETREEEEATING.
    55 | D:2      | Reached skill level 3 in Dodging
    56 | D:2      | Noticed an orc wizard
    57 | D:2      | HP: 2/10 [Terence/+0 short sword (3)]
    60 | D:2      | Killed Terence
    61 | D:2      | Reached XP level 2. HP: 3/14 MP: 3/3
    61 | D:2      | Reached XP level 3. HP: 5/18 MP: 4/4
    67 | D:2      | HP: 1/18 [orc wizard/magic dart (5)]
   193 | D:2      | 193 ||| READING scroll labelled JEINEXENOI.
   194 | D:2      | 194 ||| DROPPING scroll of butterflies.
   266 | D:1      | Reached XP level 4. HP: 22/22 MP: 5/5
   687 | D:1      | 687 ||| READING scroll of identify.
   687 | D:1      | 687 ||| IDENTIFYING fuming clear potion
   688 | D:1      | 688 ||| READING scroll labelled VOMORIEROD.
   691 | D:1      | 691 ||| READING scroll labelled FIRAPN WEOZXOE.
   792 | D:1      | 792 ||| READING scroll labelled XYR JEDIRIALEO.
   793 | D:1      | 793 ||| READING scroll labelled AMMOUB EMP.
  1104 | D:2      | Noticed Natasha
  1118 | D:2      | Killed Natasha
  1255 | D:2      | 1255 ||| READING scroll labelled VAEJ ACUAPSAKH.
  1255 | D:2      | 1255 ||| ENCHANTING +0 shortbow.
  1256 | D:2      | 1256 ||| DRINKING 2 sedimented emerald potions.
  1423 | D:3      | Reached XP level 5. HP: 18/26 MP: 6/6
  1678 | D:3      | Reached skill level 6 in Ranged Weapons
  1679 | D:3      | Found an iron altar of Okawaru.
  1680 | D:3      | 1680 ||| PLANNING OKAWARU WORSHIP
  1680 | D:3      | 1680 ||| READING scroll of identify.
  1680 | D:3      | 1680 ||| IDENTIFYING fuming red potion
  1681 | D:3      | 1681 ||| DROPPING potion of ambrosia.
  1689 | D:3      | Became a worshipper of Warmaster Okawaru
  1690 | D:3      | 1690 ||| PLANNING D:1-11
  1848 | D:3      | Found a shimmering blue altar of Sif Muna.
  1934 | D:3      | 1934 ||| READING scroll labelled TOTIDO OREAL.
  2060 | D:4      | HP: 4/26 [orc priest/divine providence (12)]
  2061 | D:4      | 2061 ||| READING scroll of teleportation.
  2062 | D:4      | 2062 ||| DRINKING potion of heal wounds.
  2066 | D:4      | Reached XP level 6. HP: 4/30 MP: 7/7
  2183 | D:4      | Reached skill level 6 in Dodging
  2500 | D:4      | Identified the +1 mace of Gecess {holy, rElec Int+2}
  2528 | D:4      | Found a sparkling altar of Nemelex Xobeh.
  2646 | D:4      | Found an opulent altar of Gozag.
  2680 | D:4      | Found a shimmering altar of Xom.
  2819 | D:4      | Found a radiant altar of Vehumet.
  2851 | D:4      | HP: 3/30 [black bear (9)]
  2853 | D:4      | Reached * piety under Okawaru
  2854 | D:4      | Reached XP level 7. HP: 5/35 MP: 8/8
  2895 | D:4      | Noticed Ijyb
  2896 | D:4      | HP: 8/35 [disintegration (8)]
  2903 | D:4      | Killed Ijyb
  3058 | D:4      | Reached skill level 1 in Invocations
  3125 | D:4      | 3125 ||| READING scroll labelled HIGHAS GAMIPP.
  3153 | D:5      | Entered Level 5 of the Dungeon
  3333 | D:5      | 3333 ||| RETREEEEATING.
  3334 | D:5      | 3334 ||| RETREEEEATING.
  3335 | D:5      | 3335 ||| RETREEEEATING.
  3444 | D:5      | Reached skill level 3 in Invocations
  3587 | D:5      | Reached XP level 8. HP: 31/39 MP: 11/11
  3697 | D:5      | Reached ** piety under Okawaru
  3873 | D:5      | HP: 9/39 [gnoll/+0 spear[a gnoll sergeant] (5)]
  4159 | D:5      | Reached skill level 3 in Fighting
  4212 | D:5      | 4212 ||| UPGRADING to ring of protection from fire.
  4213 | D:5      | 4213 ||| READING scroll labelled JIRHUCKOECI.
  4214 | D:5      | 4214 ||| READING scroll labelled TACULL YTSE.
  4215 | D:5      | 4215 ||| DRINKING 2 yellow potions.
  4216 | D:5      | 4216 ||| FLEEEEING.
  4217 | D:5      | 4217 ||| FLEEEEING.
  4218 | D:5      | 4218 ||| FLEEEEING.
  4319 | D:5      | 4319 ||| DROPPING potion of berserk rage.
  4431 | D:6      | HP: 5/40 [sleepcap (19)]
  4640 | D:6      | 4640 ||| RETREEEEATING.
  4641 | D:6      | 4641 ||| RETREEEEATING.
  4642 | D:6      | 4642 ||| RETREEEEATING.
  4643 | D:6      | 4643 ||| RETREEEEATING.
  4653 | D:6      | HP: 10/40 [poisoned by a killer bee]
  4653 | D:6      | HP: 1/40 [killer bee (9)]
  4654 | D:6      | Succumbed to a killer bee's poison

Levels and vault maps discovered:
D:1:      evilmike_arrival_rings, layout_rooms
D:2:      layout_loops_ring, uniq_natasha, uniq_terence
D:3:      layout_rooms, okawaru_ov_weapons_minmay, kennysheep_orc_sif_temple,
          minmay_misc_feat_doors
D:4:      layout_loops_ring, mainiacjoe_overflow_tiny_flanked,
          kennysheep_little_box, grunt_gozag_statues, lemuel_crystal_altar,
          uniq_ijyb
D:5:      layout_basic, amcnicky_mini_rare_corridor_liquid
D:6:      layout_loops_ring, trog_three_pillars_becter, minmay_temple_entry_tees

Skill      XL: |  1  2  3  4  5  6  7  8 |
---------------+-------------------------+-----
Dodging        | 4 5 6 7 8 |  8.1
Ranged Weapons | 5 6 7 8 |  8.0
Fighting       | 2 3 |  3.1
Invocations    | 3 4 |  4.0
Stealth        | |  1.5

Action                     |  1- 3 |  4- 6 |  7- 9 || total
---------------------------+-------+-------+-------++-------
   Fire: Shortbow          |    33 |   226 |   204 ||   463
    Use: Scroll            |     1 |     9 |     3 ||    13
         Potion            |       |     2 |     1 ||     3
 Armour: Robe              |     4 |    24 |    29 ||    57
  Dodge: Dodged            |    21 |    80 |   111 ||   212

Table legend:
 A = Non-vault XP
 B = Vault XP
 C = Vault XP percentage of total XP
 D = Non-vault monster count
 E = Vault monster count
 F = Vault count percentage of total count
                 A         B        C        D         E       F
            +---------+---------+-------+---------+---------+-------
      Total |    1971 |     144 |   6.8 |     118 |       5 |   4.1
            +---------+---------+-------+---------+---------+-------
        D:1 |      34 |       0 |   0.0 |      18 |       0 |   0.0
        D:2 |      57 |      73 |  56.2 |      10 |       2 |  16.7
        D:3 |     163 |      35 |  17.7 |      27 |       2 |   6.9
        D:4 |     431 |      36 |   7.7 |      25 |       1 |   3.8
        D:5 |    1031 |       0 |   0.0 |      30 |       0 |   0.0
        D:6 |     255 |       0 |   0.0 |       8 |       0 |   0.0
            +---------+---------+-------+---------+---------+-------
